 Dungeon Crawl Stone Soup version 0.21.1-1-g345015f (webtiles) character file.

187783 Mgcat the Spry (level 17, -20/88 HPs)
             Began as a Spriggan Earth Elementalist on Feb 5, 2018.
             Was the Champion of Vehumet.
             Killed from afar by a deep elf high priest (26 damage)
             ... with damnation
             ... on level 1 of the Elven Halls.
             The game lasted 03:06:12 (46816 turns).

Mgcat the Spry (Spriggan Earth Elementalist)       Turns: 46816, Time: 03:06:13

Health: -20/88     AC: 12    Str:  7    XL:     17   Next: 45%
Magic:  12/36      EV: 37    Int: 25    God:    Vehumet [******]
Gold:   1593       SH:  2    Dex: 25    Spells: 10/44 levels left

rFire    + . .     SeeInvis +   r - +10 spear of the Butterfly {flame, rElec Str+3 Dex+6}
rCold    + . .     Gourm    .   (shield restricted)
rNeg     . . .     Faith    .   w - +2 robe {MR+}
rPois    .         Spirit   .   v - +2 hat {SInv}
rElec    +         Reflect  +   V - scarf {rC+ rF+}
rCorr    .         Harm     .   (gloves unavailable)
MR       +++..                  (boots unavailable)
Stlth    ++++......             T - +2 amulet of reflection
HPRegen  0.24/turn              y - +4 ring of intelligence
MPRegen  0.25/turn              M - +6 ring of protection

@: about to teleport, very slightly contaminated, hasted, very quick
A: very small, unfitting armour, see invisible, herbivore, speed 3, slow
metabolism 2
}: 1/15 runes: decaying
a: Renounce Religion


You were on level 1 of the Elven Halls.
You worshipped Vehumet.
Vehumet was exalted by your worship.
You were near starving.

You visited 6 branches of the dungeon, and saw 29 of its levels.
You also visited: Bailey.

You collected 2352 gold pieces.
You spent 759 gold pieces at shops.

Inventory:

Hand Weapons
 r - the +10 spear of the Butterfly (weapon) {flame, rElec Str+3 Dex+6}
   (You found it on level 4 of the Dungeon)

   It has been specially enchanted to burn those struck by it, causing extra
   injury to most foes and up to half again as much damage against particularly
   susceptible opponents.
   It affects your strength (+3).
   It affects your dexterity (+6).
   It insulates you from electricity.
 A - the +5 rapier of Yceavif {holy, rC++ Dex+2}
   (You found it on level 3 of the Lair of Beasts)

   It has been blessed by the Shining One to cause great damage to the undead
   and demons.
   It affects your dexterity (+2).
   It greatly protects you from cold.
 I - the +8 spear of the Orcish Mines {pierce, Dex+8}
   (You bought it in a shop on level 1 of the Elven Halls)

   It inflicts extra damage upon your enemies.
   It affects your dexterity (+8).
Missiles
 b - 279 stones (quivered)
 G - 2 throwing nets {=f, !d}
Armour
 o - a +2 robe of positive energy
   (You took it off an orc sorcerer on level 2 of the Orcish Mines)
 v - a +2 hat of see invisible (worn)
   (You acquired it on level 3 of the Lair of Beasts)
 w - a +2 robe of magic resistance (worn)
   (You took it off an orc sorcerer on level 2 of the Orcish Mines)
 F - a scarf of repulsion
   (You found it on level 9 of the Dungeon)
 V - a scarf of resistance (worn)
   (You found it on level 5 of the Lair of Beasts)
 Y - +0 swamp dragon scales
   (You found it on level 4 of the Swamp)
Magical Staves
 z - an uncursed staff of power {MP+17, !a}
   (You found it on level 7 of the Dungeon)
 E - an uncursed staff of fire {rF+}
   (You found it on level 9 of the Dungeon)
 K - an uncursed staff of wizardry {wiz+, !a}
   (You found it on level 4 of the Lair of Beasts)
 Q - an uncursed staff of earth
   (You took it off Jorgrun on level 3 of the Swamp)
Jewellery
 e - a +3 ring of evasion
   (You found it on level 7 of the Dungeon)
 s - an uncursed ring of protection from fire {rF+, !d}
   (You found it on level 4 of the Dungeon)
 y - a +4 ring of intelligence (left hand)
   (You found it on level 6 of the Lair of Beasts)
 C - an uncursed ring of protection from cold {rC+, !d}
   (You found it on level 8 of the Dungeon)
 M - a +6 ring of protection (right hand)
   (You found it on level 1 of the Lair of Beasts)
 S - an uncursed amulet of faith {Faith, !P}
   (You found it on level 4 of the Swamp)
 T - a +2 amulet of reflection (around neck)
   (You found it on level 3 of the Lair of Beasts)
 X - an uncursed ring of resist corrosion
   (You found it on level 5 of the Lair of Beasts)
Wands
 c - a wand of digging (14)
   (You found it on level 11 of the Dungeon)
 f - a wand of scattershot (6)
   (You found it on level 3 of the Lair of Beasts)
 q - a wand of iceblast (7)
   (You found it on level 4 of the Dungeon)
 u - a wand of acid (26)
   (You found it on level 5 of the Dungeon)
Scrolls
 a - a scroll of magic mapping {!r}
 k - a scroll of enchant armour
 l - 16 scrolls of remove curse
 m - 6 scrolls of amnesia
 n - 10 scrolls of teleportation
 B - 3 scrolls of identify
 N - a scroll of acquirement
 W - 2 scrolls of fear
 Z - a scroll of silence {unknown}
Potions
 g - 3 potions of mutation {!q}
 h - 7 potions of flight
 i - a potion of heal wounds
 j - a potion of haste
 p - 4 potions of resistance
 t - 7 potions of curing
 x - a potion of cancellation
 D - 2 potions of might
 H - 3 potions of berserk rage {!q}
 J - 4 potions of agility
 L - 2 potions of magic
Books
 U - a book of the Tempests
   (You found it on level 6 of the Lair of Beasts)
Comestibles
 d - 3 rations


   Skills:
 - Level 9.3 Fighting
 + Level 17.9 Dodging
 - Level 5.1 Stealth
 + Level 14.0 Spellcasting
 + Level 11.1 Conjurations
 - Level 5.0 Necromancy
   Level 1.3 Transmutations
 + Level 11.2 Fire Magic
 + Level 13.5 Earth Magic


You had 10 spell levels left.
You knew the following spells:

 Your Spells              Type           Power        Failure   Level  Hunger
a - Sandblast             Erth           ######       0%          1    None
b - Stone Arrow           Conj/Erth      ######       1%          3    None
c - Lee's Rapid Deconstr  Erth           ######....   1%          5    ##.....
d - Flame Tongue          Conj/Fire      #####        1%          1    None
e - Animate Dead          Necr           N/A          4%          4    None
f - Iron Shot             Conj/Erth      ######....   1%          6    ####...
g - Bolt of Fire          Conj/Fire      ######....   1%          6    ####...
h - Ignition              Fire           ######....   45%         8    #######


Dungeon Overview and Level Annotations

Branches:
Dungeon (15/15)            Temple (0/1) D:5            Lair (6/6) D:10
  Swamp (4/4) Lair:2       Spider (1/4) Lair:3        Slime (0/5) Lair:5
    Orc (2/2) D:11            Elf (1/3) Orc:2        Vaults (0/5) D:13
 Depths (0/5) D:15

Altars:
Ashenzari
Cheibriados
Dithmenos
Elyvilon
Fedhas
Gozag
Makhleb
Nemelex Xobeh
Okawaru
Qazlal
Trog
Vehumet
Xom
Yredelemnul
Zin
Beogh

Shops:
D:6 [   D:7 ?   D:11 (   Orc:2 }[*   Elf:1 (

Portals:
Pandemonium: Orc:2

Annotations:
D:2 1 runed door
D:3 exclusion: Grinder, Grinder; antender's ghost, amateur DrCj
D:9 bmj180's ghost, journeyman HaFi
Swamp:4 jazmu's ghost, adept GnSk


Innate Abilities, Weirdness & Mutations

You are very small and have problems with some larger weapons.
You are too small for most types of armour.
You have supernaturally acute eyesight. (SInv)
You are a herbivore.
You cover ground extremely quickly.
You need consume almost no food.


Message History

A deep elf knight comes into view. It is wielding a scimitar.
You barely miss the hand axe of flaming.
The hand axe of flaming is severely damaged.
The hand axe of flaming hits you.
You hit the hand axe of flaming.
The hand axe of flaming is severely damaged.
The deep elf knight gestures wildly while chanting.
The deep elf knight flickers and vanishes for a moment.
You barely miss the hand axe of flaming.
The hand axe of flaming is severely damaged.
The hand axe of flaming closely misses you.
The deep elf knight mumbles some strange words.
The deep elf knight seems to speed up.
The shadow demon gestures.
The deep elf knight gestures wildly while chanting.
The deep elf knight seems to speed up.
The hand axe of flaming closely misses you.
You hear a shout!
You puncture the hand axe of flaming!
The hand axe of flaming falls from the air.
Vehumet accepts your kill.
The ynoxinul bellows!
The deep elf demonologist gestures wildly while chanting.
Things that are here:
a hand axe of flaming; a dire flail of draining You hit the deep elf demonologist.
You burn the deep elf demonologist.
The deep elf demonologist is heavily wounded.
The deep elf demonologist closely misses you.
A crawling corpse comes into view.
You closely miss the deep elf demonologist.
The deep elf demonologist is heavily wounded.
The ice devil completely misses you.
A crawling corpse merges with a small abomination to form a large abomination.
You puncture the deep elf demonologist! You burn the deep elf demonologist.
The deep elf demonologist is severely wounded.
The deep elf demonologist gestures wildly while chanting.
The ice devil misses you.
You hit the deep elf demonologist but do no damage.
The deep elf demonologist is severely wounded.
The deep elf high priest mumbles some strange prayers to its god against you.
Something smites you!
The deep elf demonologist mumbles some strange words.
The ynoxinul gestures.
You closely miss the deep elf demonologist.
The deep elf demonologist is severely wounded.
The deep elf high priest invokes the aid of its god against you.
Something smites you!
You block the ice devil's attack. 2 crawling corpses come into view.
You puncture the deep elf demonologist! You burn the deep elf demonologist.
The deep elf demonologist is almost dead.
The deep elf demonologist completely misses you.
The deep elf mage gestures wildly while chanting.
The deep elf mage blinks!
The deep elf high priest calls down the wrath of its god upon you.
Something smites you!
* * * LOW HITPOINT WARNING * * *
A crawling corpse merges with a small abomination to form a large abomination.
The ice devil closely misses you.
The crawling corpse moves out of view.
You puncture the deep elf demonologist! You burn the deep elf demonologist.
You kill the deep elf demonologist!
Vehumet accepts your kill.
The shadow demon disappears in a puff of smoke!
The sun demon disappears in a puff of smoke!
The ynoxinul disappears in a puff of smoke!
The chaos spawn degenerates into a cloud of primal chaos!
The deep elf knight dissolves into shadows!
The deep elf archer dissolves into shadows!
The deep elf mage dissolves into shadows!
The deep elf archer dissolves into shadows!
The deep elf mage dissolves into shadows!
The ice devil disappears in a puff of smoke!
The hell beast disappears in a puff of smoke!
Your Spellcasting skill increases to level 14!
The deep elf high priest utters a dark prayer and points at you.
Your life force is offered up.
* * * LOW HITPOINT WARNING * * *
The deep elf high priest is healed.
The orc warrior is healed.
The deep elf high priest is healed.
The deep elf archer is healed.
Okay, then.
As you read the scroll of fear, it crumbles to dust.
You assume a fearsome visage.
The deep elf knight looks frightened!
The small abomination is unaffected.
The deep elf high priest resists with almost no effort.
The orc warrior looks frightened!
The deep elf high priest looks frightened!
The hand axe of flaming is unaffected.
The deep elf archer easily resists.
A crawling corpse comes into view.
As you read the scroll of teleportation, it crumbles to dust.
You feel strangely unstable.
The deep elf archer unwields an uncursed short sword of freezing.
The deep elf archer wields an uncursed shortbow.
The deep elf archer shoots an arrow.
The arrow completely misses you.
Unknown command.
Unknown command.
Okay, then.
Unknown command.
Unknown command.
The deep elf high priest calls down the wrath of its god upon you.
The sphere of damnation explodes!
The damnation engulfs you!
You die...

.e.. +....⌠..)...<)[.=⌠...##
§§.. +.......#....(#......#
#e§#x #.....[.#...(.#......##
.$)§..+..########[########)##
e)..§e'..# ##.....##.....##
#).#)[#e## #.....#..#####.
e...§xXo.######..⌠..#.## #.
..e...xe.)(..##.....#.# #.
#88#88#e####@.#.....#.# ##
######## ###.........##### #
#.....'###.###########...###
#######'.....### #.......#
#..>......#####.......#
#.........'...'.......'
#.........#####.......#
#.........# #.......#
#.........# ###...#'#


You could see a deep elf high priest, a large abomination, an orc warrior
(fleeing), a small abomination, a hand axe of flaming and a crawling corpse.

Vanquished Creatures
  Nikola (Swamp:4)
  Jorgrun (Swamp:3)
  A tentacled monstrosity (Swamp:4)
  Rupert (Lair:4)
  4 thorn hunters
  Donald (Swamp:1)
  Aizul (Swamp:1)
  A deep elf elementalist (Elf:1)
  A deep elf demonologist (Elf:1)
  Josephine (Orc:1)
  2 deep elf death magi (Elf:1)
  A fire dragon (Lair:6)
  2 catoblepae (Lair:6)
  24 hydras
  A ghost crab (Swamp:1)
  2 centaur warriors
  The ghost of Agrougrou the Martial Artist, a journeyman OpTm of Makhleb (D:10)
  9 death yaks
  2 two-headed ogres
  9 alligators
  8 dancing weapons
  7 orc high priests
  A tengu warrior (D:13)
  5 deep elf knights
  2 spriggan druids (Swamp:3)
  An unseen horror (shapeshifter) (D:13)
  7 swamp dragons
  A wizard (D:14)
  7 deep elf archers (Elf:1)
  A gelid demonspawn (Orc:2)
  3 infernal demonspawn (Orc:2)
  A lindwurm (Lair:6)
  2 shambling mangroves
  A necromancer (D:9)
  A wolf spider (Lair:6)
  20 deep elf magi
  7 orc knights
  5 oklob plants
  3 cyclopes
  2 manticores (Lair:6)
  A wolf spider (shapeshifter) (D:13)
  6 ugly things
  7 orc sorcerers (Orc:2)
  A rust devil (Orc:2)
  11 elephants
  4 black mambas
  3 gargoyles
  3 torpor snails (Lair:6)
  15 spiny frogs
  6 rime drakes
  4 centaur skeletons
  13 komodo dragons
  2 ice devils (Orc:2)
  A tengu conjurer (D:13)
  2 efreet
  A meliai (shapeshifter) (D:13)
  A red devil (Orc:2)
  A queen bee (shapeshifter) (D:14)
  4 jumping spiders
  3 meliai (D:14)
  A polar bear (Lair:5)
  A merfolk (D:9)
  6 trolls
  9 hornets
  8 hippogriffs
  2 tyrant leeches
  3 blink frogs (Lair:6)
  2 dream sheep (Lair:6)
  28 slime creatures
  5 bog bodies
  7 wraiths
  A redback (shapeshifter) (D:13)
  2 air elementals (Elf:1)
  10 redbacks
  8 spriggans
  4 shadows
  A ynoxinul (Orc:2)
  66 yaks
  2 water elementals
  2 wyverns
  2 basilisks
  2 fire elementals (Elf:1)
  A steam dragon (D:14)
  A hungry ghost (D:10)
  A chaos spawn (Orc:2)
  17 vampire mosquitoes
  2 wargs (Orc:2)
  19 swamp worms
  4 insubstantial wisps (Swamp:3)
  Edmund (D:5)
  3 acid dragons (Lair:6)
  12 water moccasins
  7 porcupines
  12 swamp drakes
  3 ice beasts
  7 black bears
  46 orc warriors
  4 sky beasts
  2 phantoms
  A necrophage (D:7)
  11 ogres
  13 wolves
  6 centaurs
  19 crocodiles
  4 big kobolds
  16 bullfrogs
  A wyvern skeleton (D:14)
  An earth elemental (Elf:1)
  A water moccasin zombie (D:8)
  6 scorpions
  4 wights (D:10)
  10 killer bees
  3 electric eels (D:14)
  5 howler monkeys
  4 crimson imps
  A bullfrog zombie (D:8)
  2 centaur zombies
  8 hounds
  A quasit (D:6)
  6 bullfrog skeletons
  6 jellies
  34 orc priests
  9 orc wizards
  Jessica (D:3)
  7 iguanas
  4 worker ants
  3 yak simulacra (D:9)
  3 polar bear simulacra (D:9)
  3 wolf simulacra (D:9)
  3 hound skeletons
  A worker ant zombie (D:6)
  14 adders
  A gnoll (D:1)
  2 howler monkey skeletons
  7 shadow imps
  2 oozes
  An adder skeleton (D:4)
  5 worms
  A dart slug (D:1)
  2 leopard geckos
  114 orcs
  3 ball pythons
  5 giant cockroaches
  7 goblins
  9 hobgoblins
  10 jackals
  6 quokkas
  10 bats
  4 frilled lizards
  A jackal skeleton (D:4)
  38 kobolds
  6 rats
  2 river rat simulacra (D:9)
  A butterfly (Lair:6)
  2 plants (D:6)
1004 creatures vanquished.

Vanquished Creatures (collateral kills)
  A hornet (Swamp:2)
1 creature vanquished.

Vanquished Creatures (others)
  A swamp worm (Swamp:4)
  17 fungi
  14 plants
32 creatures vanquished.

Grand Total: 1037 creatures vanquished

Notes
Turn   | Place    | Note
-------+----------+-------------------------------------------
     0 | D:1      | Mgcat the Spriggan Earth Elementalist began the quest for the Orb.
     0 | D:1      | Reached XP level 1. HP: 9/9 MP: 5/5
   166 | D:1      | Reached skill level 3 in Spellcasting
   207 | D:1      | Reached XP level 2. HP: 13/13 MP: 7/7
   236 | D:1      | Reached skill level 3 in Earth Magic
   482 | D:1      | HP: 3/13 [hobgoblin/club (4)]
   674 | D:1      | Reached skill level 4 in Stealth
   703 | D:1      | Reached XP level 3. HP: 7/16 MP: 4/8
   844 | D:1      | Learned a level 3 spell: Stone Arrow
   912 | D:1      | HP: 4/16 [leopard gecko (4)]
  1727 | D:2      | Reached XP level 4. HP: 15/21 MP: 3/10
  1986 | D:2      | Found a burning altar of Makhleb.
  2034 | D:2      | Reached skill level 5 in Stealth
  2034 | D:2      | Reached skill level 4 in Spellcasting
  2332 | D:2      | Found a runed door.
  2456 | D:2      | Found a bloodstained altar of Trog.
  2457 | D:2      | Found an iron altar of Okawaru.
  2511 | D:2      | Reached XP level 5. HP: 23/24 MP: 10/12
  2584 | D:2      | Found a blossoming altar of Fedhas.
  2984 | D:3      | Noticed Jessica
  3051 | D:3      | Killed Jessica
  3190 | D:3      | Reached skill level 4 in Earth Magic
  3258 | D:3      | Found a stormy altar of Qazlal.
  3391 | D:3      | Noticed antender's ghost (amateur DrCj)
  3437 | D:3      | Noticed Grinder
  3441 | D:3      | HP: 6/24 [antender's ghost/magic dart (8)]
  3831 | D:4      | Found an iron altar of Okawaru.
  3846 | D:4      | Reached skill level 1 in Conjurations
  4174 | D:4      | Reached skill level 5 in Spellcasting
  4356 | D:4      | Got a crystal spear
  4361 | D:4      | Identified the +10 spear of the Butterfly {flame, rElec Str+3 Dex+6} (You found it on level 4 of the Dungeon)
  4391 | D:4      | Reached XP level 6. HP: 27/28 MP: 14/14
  4410 | D:4      | Found a white marble altar of Elyvilon.
  4420 | D:4      | Found a radiant altar of Vehumet.
  4425 | D:4      | Became a worshipper of Vehumet
  4656 | D:4      | Found a shimmering altar of Xom.
  4658 | D:4      | Found a stormy altar of Qazlal.
  4658 | D:4      | Found an iron altar of Okawaru.
  4660 | D:4      | Found a shimmering altar of Xom.
  4660 | D:4      | Found a glowing silver altar of Zin.
  4660 | D:4      | Found an opulent altar of Gozag.
  4917 | D:5      | Entered Level 5 of the Dungeon
  4918 | D:5      | Noticed Edmund
  4986 | D:5      | Noticed a sky beast
  4994 | D:5      | Killed a sky beast
  4994 | D:5      | Reached skill level 6 in Spellcasting
  4994 | D:5      | Reached skill level 2 in Conjurations
  4994 | D:5      | Reached XP level 7. HP: 32/32 MP: 15/17
  5018 | D:5      | Reached skill level 5 in Earth Magic
  5059 | D:5      | Learned a level 5 spell: Lee's Rapid Deconstruction
  5077 | D:5      | Found a staircase to the Ecumenical Temple.
  5189 | D:5      | Reached skill level 3 in Conjurations
  5319 | D:5      | Reached skill level 7 in Spellcasting
  5319 | D:5      | Reached XP level 8. HP: 34/36 MP: 1/19
  5486 | D:5      | Found a sparkling altar of Nemelex Xobeh.
  5555 | D:5      | Reached skill level 6 in Earth Magic
  5648 | D:5      | Reached * piety under Vehumet
  5648 | D:5      | Offered knowledge of Flame Tongue by Vehumet.
  5651 | D:5      | Learned a level 1 spell: Flame Tongue
  5872 | D:5      | Killed Edmund
  6041 | D:6      | Found Fiwigekh's Armour Emporium.
  6104 | D:6      | Reached skill level 1 in Fire Magic
  6125 | D:6      | Reached skill level 1 in Fighting
  6245 | D:6      | Reached skill level 4 in Dodging
  6245 | D:6      | Reached skill level 8 in Spellcasting
  6322 | D:6      | Reached skill level 4 in Conjurations
  6443 | D:6      | Offered knowledge of Magic Dart by Vehumet.
  6476 | D:6      | Reached ** piety under Vehumet
  6477 | D:6      | Reached XP level 9. HP: 26/42 MP: 9/22
  7195 | D:7      | Reached skill level 2 in Fighting
  7195 | D:7      | Reached skill level 2 in Fire Magic
  7344 | D:7      | Found Astrururph's Magic Scroll Shop.
  7419 | D:7      | Reached skill level 5 in Dodging
  7600 | D:7      | Offered knowledge of Throw Frost by Vehumet.
  8425 | D:8      | Reached skill level 6 in Dodging
  8425 | D:8      | Reached skill level 7 in Earth Magic
  8505 | D:8      | Reached *** piety under Vehumet
  8635 | D:8      | Reached skill level 3 in Fighting
  8889 | D:8      | Reached skill level 9 in Spellcasting
  8889 | D:8      | Reached skill level 3 in Fire Magic
  8931 | D:8      | Noticed a two-headed ogre
  8943 | D:8      | Killed a two-headed ogre
  8943 | D:8      | Offered knowledge of Inner Flame by Vehumet.
  8943 | D:8      | Reached skill level 5 in Conjurations
  8943 | D:8      | Reached XP level 10. HP: 41/49 MP: 6/24
  9312 | D:9      | Reached skill level 7 in Dodging
  9419 | D:9      | Found an opulent altar of Gozag.
  9583 | D:9      | Found a snail-covered altar of Cheibriados.
  9596 | D:9      | Noticed bmj180's ghost (journeyman HaFi)
  9917 | D:9      | Noticed a necromancer
  9923 | D:9      | Killed a necromancer
 10000 | D:9      | Reached skill level 4 in Fighting
 10004 | D:9      | Reached **** piety under Vehumet
 10027 | D:9      | Reached skill level 4 in Fire Magic
 10092 | D:9      | Reached skill level 8 in Dodging
 10111 | D:9      | Offered knowledge of Venom Bolt by Vehumet.
 10111 | D:9      | Reached skill level 8 in Earth Magic
 10564 | D:10     | Entered Level 10 of the Dungeon
 10599 | D:10     | Found a flagged portal.
 10646 | D:10     | Reached XP level 11. HP: 47/54 MP: 25/25
 10776 | Bailey   | Entered a bailey
 10793 | Bailey   | Reached skill level 9 in Dodging
 11072 | Bailey   | Noticed an orc knight
 11124 | Bailey   | Killed an orc knight
 11360 | Bailey   | Reached skill level 6 in Conjurations
 11564 | Bailey   | Noticed an orc knight
 11581 | Bailey   | Killed an orc knight
 11581 | Bailey   | Reached skill level 5 in Fighting
 11721 | Bailey   | Reached ***** piety under Vehumet
 11806 | Bailey   | Noticed an orc knight
 11808 | Bailey   | Offered knowledge of Lightning Bolt by Vehumet.
 11808 | Bailey   | Reached skill level 5 in Fire Magic
 11829 | Bailey   | Killed an orc knight
 12660 | D:10     | Noticed Agrougrou's ghost (journeyman OpTm)
 12674 | D:10     | Killed Agrougrou's ghost
 12674 | D:10     | Reached skill level 10 in Dodging
 12728 | D:10     | Found a staircase to the Lair.
 13345 | D:11     | Found Bopo's Weapon Shop.
 13395 | D:11     | Reached skill level 9 in Earth Magic
 13397 | D:11     | Found a staircase to the Orcish Mines.
 14277 | Lair:1   | Entered Level 1 of the Lair of Beasts
 14444 | Lair:1   | Reached skill level 6 in Fighting
 14589 | Lair:1   | Noticed a seven-headed hydra
 14725 | Lair:1   | Reached skill level 6 in Fire Magic
 14919 | Lair:1   | Found a snail-covered altar of Cheibriados.
 14919 | Lair:1   | Noticed an oklob plant
 15010 | Lair:1   | Reached XP level 12. HP: 61/61 MP: 26/26
 15177 | Lair:1   | Killed a seven-headed hydra
 15456 | Lair:1   | Reached skill level 11 in Dodging
 15581 | Lair:2   | Reached skill level 7 in Conjurations
 15633 | Lair:2   | Found a staircase to the Swamp.
 15924 | Lair:2   | Noticed a five-headed hydra
 16250 | Lair:2   | Noticed a seven-headed hydra
 16257 | Lair:2   | Killed a five-headed hydra
 16295 | Lair:2   | Killed a seven-headed hydra
 16451 | Lair:2   | Found a shimmering altar of Xom.
 16504 | Lair:2   | Noticed a four-headed hydra
 16516 | Lair:2   | Killed a four-headed hydra
 17246 | Lair:3   | Reached skill level 7 in Fighting
 17246 | Lair:3   | Reached skill level 12 in Dodging
 17254 | Lair:3   | HP: 15/63 [poisoned by a redback]
 17533 | Lair:3   | Reached skill level 10 in Earth Magic
 17567 | Lair:3   | Reached skill level 7 in Fire Magic
 17633 | Lair:3   | Identified a scroll of acquirement
 18006 | Lair:3   | Offered knowledge of Throw Icicle by Vehumet.
 18331 | Lair:3   | Found a hole to the Spider Nest.
 18333 | Lair:3   | Reached XP level 13. HP: 61/67 MP: 21/27
 18690 | Lair:3   | Got an ivory rapier
 18696 | Lair:3   | Identified the +5 rapier of Yceavif {holy, rC++ Dex+2} (You found it on level 3 of the Lair of Beasts)
 19184 | Lair:4   | Noticed Rupert
 19343 | Lair:4   | Killed Rupert
 19343 | Lair:4   | Reached skill level 8 in Conjurations
 19503 | Lair:4   | Reached skill level 13 in Dodging
 20412 | Lair:4   | HP: 11/68 [water moccasin (10)]
 21044 | Lair:5   | Reached skill level 8 in Fighting
 21320 | Lair:4   | Reached skill level 8 in Fire Magic
 22009 | Lair:5   | Found a staircase to the Slime Pits.
 22332 | Lair:5   | Offered knowledge of Spellforged Servitor by Vehumet.
 22751 | Lair:6   | Entered Level 6 of the Lair of Beasts
 22806 | Lair:6   | Got a pitted dire flail
 22858 | Lair:5   | Reached XP level 14. HP: 50/74 MP: 5/28
 23094 | Lair:6   | Reached skill level 11 in Earth Magic
 23282 | Lair:6   | Reached skill level 10 in Spellcasting
 23397 | Lair:6   | HP: 13/74 [wolf spider (22)]
 23887 | Lair:6   | Reached skill level 14 in Dodging
 24163 | Lair:6   | Learned a level 4 spell: Animate Dead
 25378 | Lair:6   | Reached skill level 9 in Conjurations
 25590 | Lair:6   | Reached skill level 1 in Necromancy
 26253 | Orc:1    | Entered Level 1 of the Orcish Mines
 26610 | Orc:1    | Offered knowledge of Iron Shot by Vehumet.
 26623 | Orc:1    | Learned a level 6 spell: Iron Shot
 26672 | Orc:1    | Noticed Josephine
 26711 | D:11     | HP: 12/74 [orc priest/divine providence (16)]
 27030 | Orc:1    | Killed Josephine
 27030 | Orc:1    | Reached skill level 9 in Fighting
 27234 | Orc:2    | Entered Level 2 of the Orcish Mines
 27236 | Orc:2    | Found a staircase to the Elven Halls.
 27991 | Orc:2    | Found a roughly hewn altar of Beogh.
 28059 | Orc:2    | Reached skill level 9 in Fire Magic
 28246 | Orc:2    | Reached skill level 2 in Necromancy
 28859 | Orc:2    | Found Izxol's General Store.
 28978 | Orc:2    | Found Viucutep's Food Shoppe.
 28997 | Orc:2    | Offered knowledge of Conjure Ball Lightning by Vehumet.
 29233 | Orc:2    | Bought a ration for 55 gold pieces
 29233 | Orc:2    | Bought a ration for 55 gold pieces
 29233 | Orc:2    | Bought a ration for 55 gold pieces
 29233 | Orc:2    | Bought a ration for 55 gold pieces
 29233 | Orc:2    | Bought a ration for 55 gold pieces
 29233 | Orc:2    | Bought a ration for 55 gold pieces
 29233 | Orc:2    | Bought a ration for 55 gold pieces
 29233 | Orc:2    | Bought a ration for 55 gold pieces
 29233 | Orc:2    | Bought a ration for 55 gold pieces
 29407 | Orc:2    | Reached skill level 11 in Spellcasting
 30226 | Orc:2    | Reached XP level 15. HP: 79/79 MP: 14/31
 30569 | Orc:2    | Reached skill level 15 in Dodging
 30642 | Orc:2    | Reached skill level 3 in Necromancy
 30944 | Orc:2    | Found Xexuz's Gadget Shop.
 30944 | Orc:2    | Found a one-way gate leading to the halls of Pandemonium.
 30944 | Orc:2    | Found Kailin's Antique Armour Boutique.
 32329 | D:13     | Found a basalt altar of Yredelemnul.
 32378 | D:13     | Offered knowledge of Orb of Destruction by Vehumet.
 32860 | D:13     | Found a gate to the Vaults.
 33066 | D:13     | Reached skill level 12 in Earth Magic
 33241 | D:14     | Reached skill level 4 in Necromancy
 33827 | D:14     | Reached ****** piety under Vehumet
 33955 | D:14     | Offered knowledge of Bolt of Fire by Vehumet.
 33963 | D:14     | Learned a level 6 spell: Bolt of Fire
 34044 | D:14     | Found a shattered altar of Ashenzari.
 34728 | D:15     | Entered Level 15 of the Dungeon
 35211 | D:15     | Found a shadowy altar of Dithmenos.
 35424 | D:15     | Found a staircase to the Depths.
 35824 | Swamp:1  | Entered Level 1 of the Swamp
 36523 | Swamp:1  | Noticed Donald
 36532 | Swamp:1  | Killed Donald
 36696 | Swamp:1  | Reached skill level 12 in Spellcasting
 36696 | Swamp:1  | Reached skill level 5 in Necromancy
 36714 | Swamp:1  | HP: 18/79 [slime creature (10)]
 36714 | Swamp:1  | HP: 7/79 [slime creature (2)]
 36793 | Swamp:1  | HP: 13/79 [slime creature (9)]
 36827 | Swamp:1  | Reached skill level 16 in Dodging
 36961 | Swamp:1  | Noticed Aizul
 36967 | Swamp:1  | Killed Aizul
 37065 | Swamp:1  | Reached skill level 10 in Conjurations
 37065 | Swamp:1  | Reached XP level 16. HP: 71/84 MP: 18/33
 37129 | Swamp:1  | Reached skill level 10 in Fire Magic
 37136 | Swamp:1  | HP: 19/84 [shambling mangrove (30)]
 38001 | Swamp:2  | Noticed a thorn hunter
 38078 | Swamp:2  | Killed a thorn hunter
 38434 | Swamp:2  | HP: 17/84 [large slime creature (8)]
 38441 | Swamp:1  | HP: 17/84 [slime creature (6)]
 38442 | Swamp:1  | HP: 7/84 [slime creature (11)]
 39933 | Swamp:3  | Noticed Jorgrun
 39949 | Swamp:3  | Killed Jorgrun
 40148 | Swamp:3  | Offered knowledge of Lehudib's Crystal Spear by Vehumet.
 40148 | Swamp:3  | Offered knowledge of Fire Storm by Vehumet.
 40148 | Swamp:3  | Offered knowledge of Glaciate by Vehumet.
 40787 | Swamp:4  | Entered Level 4 of the Swamp
 40802 | Swamp:4  | Noticed a tentacled monstrosity
 40809 | Swamp:4  | Noticed a thorn hunter
 40812 | Swamp:4  | HP: 19/84 [tentacled monstrosity (3)]
 40813 | Swamp:4  | HP: 5/84 [tentacled monstrosity (7)]
 40814 | Swamp:4  | Killed a tentacled monstrosity
 41092 | Swamp:4  | Killed a thorn hunter
 41232 | Swamp:4  | Noticed a thorn hunter
 41859 | Swamp:4  | Noticed jazmu's ghost (adept GnSk)
 42380 | Swamp:4  | Killed a thorn hunter
 42380 | Swamp:4  | Reached skill level 17 in Dodging
 42380 | Swamp:4  | Reached skill level 13 in Spellcasting
 42383 | Swamp:4  | Noticed Nikola
 42502 | Swamp:4  | Killed Nikola
 42502 | Swamp:4  | Reached skill level 13 in Earth Magic
 42652 | Swamp:3  | HP: 20/84 [poisoned by a swamp dragon (poison gas)]
 42657 | Swamp:3  | HP: 13/84 [poisoned by a swamp dragon (poison gas)]
 42662 | Swamp:3  | HP: 8/84 [poisoned by a swamp dragon (poison gas)]
 42668 | Swamp:3  | HP: 5/84 [poisoned by a swamp dragon (poison gas)]
 42673 | Swamp:3  | HP: 3/84 [poisoned by a swamp dragon (poison gas)]
 42678 | Swamp:3  | HP: 2/84 [poisoned by a swamp dragon (poison gas)]
 42685 | Swamp:3  | HP: 2/84 [poisoned by a swamp dragon (poison gas)]
 42693 | Swamp:3  | HP: 2/84 [poisoned by a swamp dragon (poison gas)]
 43084 | Swamp:3  | HP: 20/84 [poison (poison gas)]
 43089 | Swamp:3  | HP: 13/84 [poison (poison gas)]
 43094 | Swamp:3  | HP: 10/84 [poison (poison gas)]
 43099 | Swamp:3  | HP: 7/84 [poison (poison gas)]
 43104 | Swamp:3  | HP: 5/84 [poison (poison gas)]
 43109 | Swamp:3  | HP: 4/84 [poison (poison gas)]
 43116 | Swamp:3  | HP: 4/84 [poison (poison gas)]
 43124 | Swamp:3  | HP: 4/84 [poison (poison gas)]
 43825 | Swamp:4  | Noticed a thorn hunter
 43836 | Swamp:4  | Killed a thorn hunter
 44011 | Swamp:4  | Got a decaying rune of Zot
 44235 | Spider:1 | Entered Level 1 of the Spider Nest
 44515 | Elf:1    | Entered Level 1 of the Elven Halls
 44520 | Elf:1    | Reached XP level 17. HP: 88/88 MP: 26/35
 44584 | Elf:1    | HP: 13/88 [dire flail of draining (21)]
 45373 | Elf:1    | Reached skill level 11 in Fire Magic
 45829 | Elf:1    | Learned a level 8 spell: Ignition
 45953 | Elf:1    | Found Vineschu's Antique Weapon Boutique.
 45981 | Elf:1    | HP: 22/88 [halberd of flaming (6)]
 46334 | Elf:1    | Reached skill level 11 in Conjurations
 46564 | Elf:1    | Bought a twisted spear for 264 gold pieces
 46564 | Elf:1    | Identified the +8 spear of the Orcish Mines {pierce, Dex+8} (You bought it in a shop on level 1 of the Elven Halls)
 46812 | Elf:1    | Reached skill level 14 in Spellcasting
 46812 | Elf:1    | HP: 6/88 [deep elf high priest/a malign offering (18)]
 46816 | Elf:1    | Killed from afar by a deep elf high priest

Skill      XL: |  1  2  3  4  5  6  7  8  9 10 11 12 13 14 15 16 17 |
---------------+----------------------------------------------------+-----
Spellcasting   | 3 4 5 6 7 8 9 11 12 13 14 | 14.0
Earth Magic    | 3 4 5 6 7 8 9 10 11 12 13 | 13.5
Stealth        | 4 5 |  5.1
Conjurations   | 1 2 3 4 5 6 7 8 9 10 11 | 11.1
Fire Magic     | 1 3 4 6 7 8 9 10 11 | 11.2
Fighting       | 1 3 4 6 7 8 9 |  9.3
Dodging        | 4 6 8 10 12 13 14 16 17 | 17.9
Necromancy     | 2 5 |  5.0
Transmutations | |  1.3

Action                   |  1- 3 |  4- 6 |  7- 9 | 10-12 | 13-15 | 16-18 || total
-------------------------+-------+-------+-------+-------+-------+-------++-------
Melee: Dagger            |   134 |   136 |       |       |       |       ||   270
       Unarmed           |     2 |       |       |       |       |       ||     2
       Spear             |       |    16 |   239 |   433 |   634 |   196 ||  1518
Throw: Stone             |       |       |       |       |       |     1 ||     1
 Cast: Sandblast         |    31 |    49 |     4 |    70 |   184 |    75 ||   413
       Stone Arrow       |       |     7 |    81 |   261 |   702 |   259 ||  1310
       Lee's Rapid Decon |       |       |     2 |    21 |    69 |    11 ||   103
       Flame Tongue      |       |       |     1 |       |       |       ||     1
       Iron Shot         |       |       |       |       |    56 |    86 ||   142
       Animate Dead      |       |       |       |       |     2 |     1 ||     3
       Bolt of Fire      |       |       |       |       |     9 |     7 ||    16
       Ignition          |       |       |       |       |       |     2 ||     2
  Use: Scroll            |     2 |       |     6 |    17 |     9 |    11 ||    45
       Potion            |       |       |       |     4 |     9 |     4 ||    17
 Stab: Sleeping          |     6 |    15 |    20 |     8 |     4 |       ||    53
       Distracted        |       |     2 |       |       |     1 |     1 ||     4
  Eat: Ration            |       |     1 |     2 |     7 |    25 |    17 ||    52
Armor: Robe              |    15 |     9 |     9 |    22 |    83 |    53 ||   191
       Swamp dragon scal |       |       |       |       |       |     7 ||     7
Dodge: Dodged            |   117 |   121 |   149 |   632 |  1138 |   712 ||  2869
       Deflected         |       |       |       |     5 |     3 |       ||     8
Block: Other             |       |       |       |       |    60 |    33 ||    93
       Reflection        |       |       |       |       |     1 |       ||     1

Vault maps used:
D:1:      onia_arrival_pentagram
D:2:      gammafunk_temple_overflow_statue, lemuel_coloured_pillars_altar,
          makhleb_blood_cavern_becter, uniq_crazy_yiuf_cottage
D:3:      old_standard_altar, lemuel_another_geyser, uniq_grinder, uniq_jessica
D:4:      doesnt_xom_only_xom, amethyst_overflow_temple_binary,
          serial_column_ruins, column_ruins_grid_1, column_ruins_corridor_T,
          column_ruins_grid_1, column_ruins_corridor_straight,
          column_ruins_corridor_dead_end, okawaru_ov_weapons_minmay
D:5:      minmay_temple_entry_glass, first_ration, nemelex_spade_bored_becter,
          uniq_edmund
D:6:      kennysheep_kobold_camp, serial_shops, nicolae_shop_stone
D:7:      serial_shops, kennysheep_little_box
D:8:      minmay_misc_feat_plants
D:9:      lemuel_doored_altar, overflow_temple_1_default, hangedman_fish_farm,
          grunt_ministairs_1, eino_house_with_fridge
D:10:     due_lair_maze_entry_diamond, enter_bailey_8, grunt_ministairs_10,
          nicolae_lava_and_water
D:11:     orc_david_3
D:13:     david_vaults_2, basic_altar
D:14:     chequers_big_river, ashenzari_altar_1
D:15:     hangedman_depths_entry_try_elsewhere_first,
          grunt_dithmenos_smoke_and_mirrors, serial_glass, glass_columns_a,
          glass_columns_c, uniq_kirke
Lair:1:   lemuel_oklob_altar, grunt_megastairs_4
Lair:2:   minmay_swamp_entry_reptiles, basic_altar, serial_bayou_shore_b,
          serial_bayou_shore_b
Lair:3:   dpeg_oklob_shooting_range, nicolae_spider_entry_tight_spaces,
          grunt_megastairs_2
Lair:4:   grunt_megastairs_5, uniq_rupert
Lair:5:   minmay_slime_entry_oklob_open, grunt_forest_large_clearing_hut
Lair:6:   hangedman_lair_in_review, guppyfry_lair_end_dragon,
          lemuel_fruit_fields
Swamp:1:  evilmike_swamp_ruin_house_4, swamp_pool3, infiniplex_staircase_pool_2,
          uniq_aizul, uniq_donald
Swamp:2:  hangedman_swamp_cone
Swamp:3:  evilmike_swamp_ruin_rubble_2, uniq_jorgrun
Swamp:4:  swamp, swamp_pool3, statue_in_the_mist_lemuel, uniq_nikola
Spider:1: spider_trap, nicolae_spider_webbed_stairs
Orc:1:    serial_shops, shop, uniq_josephine
Orc:2:    pf_orc_diabolical, basic_altar, minmay_orc_keep
Elf:1:    minmay_elf_arrival_plus, serial_shops, shop, orc_legates
Bailey:   bailey_polearm_5, bailey

Table legend:
 A = Turns spent in this place as a percentage of turns spent in the entire game.
 B = Non-inter-level travel turns spent in this place as a percentage of non-inter-level travel turns spent in the entire game.
 C = Inter-level travel turns spent in this place as a percentage of turns spent in this place.
 D = Turns resting spent in this place as a percentage of non-inter-level travel turns spent in this place.
 E = Turns spent auto-exploring this place as a percentage of non-inter-level travel turns spent in this place.
 F = Non-inter-level travel turns spent in this place divided by the number of levels of this place that you've seen.
                   A       B       C       D       E      F
               +-------+-------+-------+-------+-------+----------------------
         Total | 100.0 | 100.0 |   4.6 |   8.3 |  69.5 | 1488.4
       Dungeon |  39.2 |  38.6 |   5.8 |   4.1 |  74.8 | 1150.5
          Lair |  26.6 |  26.6 |   4.5 |   8.0 |  70.2 | 1979.5
         Swamp |  17.3 |  17.5 |   3.9 |  11.4 |  67.5 | 1949.5
   Spider Nest |   0.0 |   0.0 |   0.0 |   0.0 |   0.0 |  12.0
  Orcish Mines |  10.6 |  10.6 |   4.3 |  13.8 |  62.8 | 2373.5
   Elven Halls |   3.6 |   3.8 |   0.0 |   0.3 |  78.9 | 1686.0
        Bailey |   2.7 |   2.9 |   0.0 |  40.0 |  16.1 | 1274.0
               +-------+-------+-------+-------+-------+----------------------

Table legend:
 A = Kills in this place as a percentage of kills in entire the game.
 B = Kills by you in this place as a percentage of kills by you in the entire game.
 C = Kills by friends in this place as a percentage of kills by friends in the entire game.
 D = Other kills in this place as a percentage of other kills in the entire game.
 E = Experience gained in this place as a percentage of experience gained in the entire game.
 F = Experience gained in this place divided by the number of levels of this place that you have seen.
                   A       B       C       D       E      F
               +-------+-------+-------+-------+-------+----------------------
         Total | 100.0 | 100.0 | 100.0 |   N/A | 100.0 | 8323.0
       Dungeon |  45.3 |  45.4 |   0.0 |   N/A |  19.5 | 3243.1
          Lair |  20.2 |  20.2 |   0.0 |   N/A |  26.5 | 11039.3
         Swamp |  13.1 |  13.0 | 100.0 |   N/A |  29.7 | 18540.5
   Spider Nest |   0.3 |   0.3 |   0.0 |   N/A |   0.3 | 812.0
  Orcish Mines |  11.7 |  11.7 |   0.0 |   N/A |  10.2 | 12697.0
   Elven Halls |   5.5 |   5.5 |   0.0 |   N/A |  12.6 | 31461.0
        Bailey |   4.0 |   4.0 |   0.0 |   N/A |   1.2 | 2979.0
               +-------+-------+-------+-------+-------+----------------------
